 Dungeon Crawl Stone Soup version 0.24-a0-177-g4d90231847 (webtiles) character file.

Game seed: 15438193893265846054

18977 EnegeticOcto the Thaumaturge (level 12, -13/74 (75) HPs)
             Began as a Deep Elf Air Elementalist on Mar 13, 2019.
             Was a High Priest of Sif Muna.
             Mangled by a death ooze (24 damage)
             ... in a Gauntlet.
             The game lasted 00:55:01 (21551 turns).

EnegeticOcto the Thaumaturge (DEAE)                Turns: 21551, Time: 00:55:02

HP:   -13/74 (75)   AC: 10    Str:  7    XL:     12   Next: 32%
MP:   26/32         EV: 15    Int: 24    God:    Sif Muna [*****.]
Gold: 880           SH:  0    Dex: 11    Spells: 11/39 levels left

rFire    . . .     SeeInvis +   A - +10 hunting sling "Ogreslayer" {freeze, +Blink +Fly Dex-4 Stlth-}
rCold    . . .     Gourm    .   (no shield)
rNeg     . . .     Faith    .   I - +0 troll leather armour
rPois    .         Spirit   .   B - +2 helmet {SInv}
rElec    .         Reflect  .   h - +0 cloak
rCorr    .         Harm     .   (no gloves)
MR       +....     NoTele   +   g - +1 pair of boots
Stlth    ++........             (no amulet)
HPRegen  0.00/turn              p - ring of stealth
MPRegen  0.23/turn              (no ring)

@: non-regenerating, diseased, deflect missiles
A: no striking features
a: Divine Energy, Channel Magic, Forget Spell, Renounce Religion, Evoke Blink,
Evoke Flight


You were in a Gauntlet.
You worshipped Sif Muna.
Sif Muna was extremely pleased with you.
You were not hungry.

You visited 3 branches of the dungeon, and saw 14 of its levels.
You also visited: Ossuary and Gauntlet.

You collected 880 gold pieces.

Inventory:

Hand Weapons
 c - a +0 blowgun
 r - a +1 dagger of electrocution
 A - the +10 hunting sling "Ogreslayer" (weapon) {freeze, +Blink +Fly Dex-4 Stlth-}
   (You found it on level 8 of the Dungeon)

   It causes projectiles fired from it to freeze those they strike, causing
   extra injury to most foes and up to half again as much damage against
   particularly susceptible opponents.
   They can also slow down cold-blooded creatures.
   It affects your dexterity (-4).
   It lets you fly.
   It lets you blink.
   It makes you less stealthy.
Missiles
 q - 8 needles of sleeping
 v - 178 stones (quivered)
 M - 2 throwing nets {!f}
Armour
 g - a +1 pair of boots (worn)
 h - a +0 cloak (worn)
 u - a +0 robe of cold resistance
 y - a +0 robe of positive energy
 B - a +2 helmet of see invisible (worn)
 I - a +0 troll leather armour (worn)
Magical Staves
 a - an uncursed staff of poison
 b - an uncursed staff of wizardry
 C - an uncursed staff of cold
Jewellery
 p - a ring of stealth (left hand)
Wands
 f - a wand of iceblast (16)
 t - a wand of flame (15)
 J - a wand of polymorph (4)
 P - a wand of disintegration (14)
 Q - a wand of digging (6)
Scrolls
 i - 15 scrolls of teleportation {@r3 !r}
 m - 10 scrolls of remove curse {@r2}
 n - 5 scrolls of enchant weapon
 x - 2 scrolls of enchant armour
 G - 4 scrolls of amnesia
Potions
 d - 3 potions of berserk rage
 j - 3 potions of curing {@q1}
 k - 2 potions of flight {unknown}
 l - 3 potions of lignification
 o - 4 potions of might {@q3 !q}
 s - 2 potions of invisibility
 w - 3 potions of cancellation
 z - 2 potions of brilliance
 D - 2 potions of agility {@q5 !q}
 E - 2 potions of magic {unknown}
 F - a potion of haste {unknown}
 H - 2 potions of ambrosia
 L - 2 potions of heal wounds
Miscellaneous
 K - a lamp of fire
Comestibles
 e - 28 rations


   Skills:
 + Level 8.5 Fighting
 - Level 8.0 Dodging
 - Level 2.4 Stealth
 - Level 14.0 Spellcasting
 + Level 9.9 Conjurations
 + Level 4.8 Charms
 - Level 9.0 Air Magic


You had 11 spell levels left.
You knew the following spells:

 Your Spells              Type           Power        Failure   Level  Hunger
a - Shock                 Conj/Air       ####         1%          1    None
b - Static Discharge      Conj/Air       ######..     1%          3    None
c - Summon Lightning Spi  Summ/Air       #####...     9%          4    None
d - Airstrike             Air            ######....   1%          4    None
e - Lightning Bolt        Conj/Air       ######....   3%          5    ###....
f - Deflect Missiles      Chrm/Air       ######....   43%         6    #####..
P - Swiftness             Chrm/Air       ######..     1%          2    None
T - Regeneration          Chrm/Necr      ####......   6%          3    None

Your spell library contained the following spells:

 Spells                   Type           Power        Failure   Level  Hunger
 Animate Skeleton         Necr           N/A          5%          1    None
 Pain                     Necr           ###.         5%          1    None
 Iskenderun's Battlesphe  Conj/Chrm      ######..     7%          5    ###....
 Vampiric Draining        Necr           ###.......   16%         3    None
 Conjure Ball Lightning   Conj/Air       ######....   17%         6    #####..
 Venom Bolt               Conj/Pois      #####.....   19%         5    ###....
 Silence                  Hex/Air        #####.....   22%         5    ###....
 Bolt of Magma            Conj/Fire/Erth ####......   36%         5    ###....
 Animate Dead             Necr           N/A          45%         4    None
 Orb of Destruction       Conj           ######....   61%         7    ######.
 Iron Shot                Conj/Erth      #####.....   71%         6    #####..
 Spellforged Servitor     Conj/Summ      #####.....   99%         7    ######.
 Tornado                  Air            ######....   100%        9    #######


Dungeon Overview and Level Annotations

Branches:
Dungeon (10/15)            Temple (1/1) D:6            Lair (3/6) D:10
  Swamp (0/4) Lair:3        Snake (0/4) Lair:2          Orc (0/2) D:10

Altars:
Ashenzari
Cheibriados
Elyvilon
Fedhas
Gozag
Hepliaklqana
Kikubaaqudgha
Makhleb
Nemelex Xobeh
Okawaru
Qazlal
Ru
Sif Muna
Trog
Uskayaw
Xom
Yredelemnul
Zin
The Shining One

Annotations:
D:5 exclusion: centaur Gauntlet 7 transporters, 21 runed translucent doors, exclusion: 2 orange crystal statues


Message History

Confirm with . or Enter, or press ? or * to list all spells.
Aiming: Airstrike (safe; 1% risk of failure)
Press: ? - help, Dir - move target cursor, f - death ooze
Aim: a death ooze The air twists around and strikes the death ooze!
The death ooze is lightly damaged.
Really walk into that dispersal trap?
You enter a dispersal trap!
The death ooze blinks!
You blink.
The death ooze barely misses you. The death ooze hits you!!
You blink.
You feel slightly more hungry.
The death ooze enters a dispersal trap!
You blink.
The death ooze blinks!
The death ooze fails to trigger a net trap.
You see here 9 gold pieces.
You blink.
You feel slightly more hungry. The death ooze hits you!!
The death ooze hits you!
* * * LOW HITPOINT WARNING * * *
You blink.
You feel slightly more hungry. The death ooze hits you!
* * * LOW HITPOINT WARNING * * *
You feel ill.
You feel your flesh rotting away! The death ooze hits you!!
You die...

......#...#.........#..#
#...#.#...#..^###.^.#..###
###...#####....#..^=#..#8#
..###.#...#.#..#..#.#..###
#©..#.#©.©#.######.©#..#
###...#...#.#.©#..#.#..###
..###.#####....#.§^§#..#8#
#...#.#...#..^###J^.#..###
.©....#.8.#.....@...#..#
#######...###########..###
.......................#8#
......................≈###
######################## #
#8# #8# #8# #8# #8# # ###
### ### ### ###


You could see a death ooze.

Vanquished Creatures
  A queen ant (Gauntlet)
  Pikel (D:4)
  A wolf spider zombie (D:9)
  An oklob plant (Lair:1)
  An elephant (D:9)
  A cyclops (D:8)
  An ice statue (Gauntlet)
  3 centaur zombies (D:9)
  2 black mambas (Lair:2)
  6 spiny frogs
  Psyche (D:9)
  A rime drake (Gauntlet)
  3 trolls
  2 hellwings (D:9)
  A harpy zombie (D:9)
  A slime creature (D:8)
  Grinder (D:5)
  5 hippogriffs
  Sigmund (D:5)
  3 yaks (D:10)
  A fire elemental (Lair:2)
  A human (D:10)
  A hog (D:10)
  3 basilisks
  Grum (D:9)
  4 soldier ants (Gauntlet)
  11 water moccasins
  Duvessa (D:5)
  A hornet zombie (D:9)
  2 orc warriors (D:10)
  4 ice beasts
  A sky beast (D:8)
  A slave (D:4)
  4 phantoms
  3 black bears
  5 ogres
  3 necrophages (D:7)
  2 centaurs
  8 wolves
  3 crocodiles
  A big kobold (D:9)
  Blork the orc (D:6)
  6 bullfrogs
  Dowan (D:5)
  A water moccasin zombie (Ossuary)
  A wyvern skeleton (D:9)
  A scorpion (D:4)
  15 wights
  2 electric eels (Lair:2)
  2 howler monkeys
  6 crimson imps
  2 bullfrog zombies (D:7)
  3 lava snakes (Lair:2)
  A quasit (D:5)
  8 hounds
  5 jellies
  2 bullfrog skeletons (D:5)
  7 orc priests
  2 centaur skeletons
  6 orc wizards
  3 iguanas
  9 worker ants
  2 big kobold zombies (Ossuary)
  2 hound zombies
  2 hound skeletons
  2 mummies (Ossuary)
  4 gnolls (D:8)
  13 adders
  A howler monkey skeleton (D:6)
  3 shadow imps (D:9)
  2 adder zombies
  3 adder skeletons
  4 worms
  3 dart slugs
  2 leopard geckos
  41 orcs
  4 ball pythons
  5 bats
  6 giant cockroaches
  6 gnoll zombies (Ossuary)
  3 goblins
  13 hobgoblins
  19 jackals
  19 kobolds
  8 quokkas
  7 frilled lizards
  5 hobgoblin zombies (Ossuary)
  10 kobold zombies (Ossuary)
  A leopard gecko zombie (D:7)
  5 orc zombies (Ossuary)
  2 quokka skeletons
  2 quokka zombies
  6 rats
387 creatures vanquished.

Vanquished Creatures (others)
  A centaur (D:5)
  A fungus (D:10)
  A plant (Lair:1)
3 creatures vanquished.

Grand Total: 390 creatures vanquished

Notes
Turn   | Place    | Note
-------+----------+-------------------------------------------
     0 | D:1      | EnegeticOcto the Deep Elf Air Elementalist began the quest
                  | for the Orb.
     0 | D:1      | Reached XP level 1. HP: 10/10 MP: 6/6
   195 | D:1      | Reached XP level 2. HP: 15/15 MP: 5/8
   572 | D:1      | Reached skill level 4 in Spellcasting
   882 | D:1      | Reached XP level 3. HP: 19/19 MP: 8/10
  1227 | D:2      | Learned a level 2 spell: Swiftness
  1266 | D:2      | Learned a level 3 spell: Static Discharge
  1857 | D:2      | Reached skill level 5 in Spellcasting
  2049 | D:2      | Reached XP level 4. HP: 24/24 MP: 7/13
  2826 | D:3      | Reached skill level 6 in Spellcasting
  2826 | D:3      | Reached XP level 5. HP: 28/28 MP: 8/15
  3529 | D:4      | Noticed a phantom
  3553 | D:4      | Killed a phantom
  3553 | D:4      | Reached skill level 7 in Spellcasting
  3553 | D:4      | Reached XP level 6. HP: 30/32 MP: 9/18
  4165 | D:4      | Found a hide-covered altar of Uskayaw.
  4547 | D:4      | Reached skill level 8 in Spellcasting
  4652 | D:4      | Learned a level 4 spell: Airstrike
  4974 | D:5      | Entered Level 5 of the Dungeon
  5107 | D:5      | Noticed a water moccasin
  5137 | D:5      | Reached XP level 7. HP: 26/36 MP: 15/21
  5224 | D:5      | Noticed Duvessa
  5231 | D:5      | Noticed Dowan
  5232 | D:5      | Killed Duvessa
  5232 | D:5      | Reached skill level 9 in Spellcasting
  5233 | D:5      | Noticed Grinder
  5564 | D:5      | Killed Dowan
  5677 | D:5      | Noticed Pikel
  5812 | D:4      | Reached skill level 10 in Spellcasting
  6042 | D:5      | Reached XP level 8. HP: 19/41 MP: 9/24
  6225 | D:5      | Reached skill level 5 in Air Magic
  6296 | D:5      | Killed Grinder
  6296 | D:5      | Reached skill level 1 in Fighting
  6416 | D:4      | Killed Pikel
  6884 | D:5      | Noticed Sigmund
  6888 | D:5      | Killed Sigmund
  7175 | D:5      | Reached XP level 9. HP: 51/52 MP: 16/25
  7271 | D:6      | Found a staircase to the Ecumenical Temple.
  7349 | Temple   | Entered the Ecumenical Temple
  7474 | Temple   | Became a worshipper of Sif Muna the Loreminder
  7570 | D:6      | Learned a level 5 spell: Lightning Bolt
  7848 | D:6      | Reached skill level 5 in Fighting
  7892 | D:6      | Learned a level 3 spell: Regeneration
  8668 | D:6      | Reached * piety under Sif Muna
  8724 | D:6      | Noticed Blork the orc
  8727 | D:6      | Killed Blork the orc
  9059 | D:6      | Reached skill level 5 in Conjurations
  9718 | D:7      | Reached skill level 11 in Spellcasting
 10270 | D:7      | Reached XP level 10. HP: 60/60 MP: 18/27
 10342 | D:7      | Reached skill level 5 in Dodging
 11130 | D:8      | Reached ** piety under Sif Muna
 11174 | D:8      | Got a slimy hunting sling
 11175 | D:8      | Identified the +10 hunting sling "Ogreslayer" {freeze,
                  | +Blink +Fly Dex-4 Stlth-} (You found it on level 8 of the
                  | Dungeon)
 11362 | D:8      | Found a sand-covered staircase.
 11369 | Ossuary  | Entered an ossuary
 12156 | D:8      | Identified the cursed +0 leather armour of Disery {-Cast
                  | rN++ MR+++ SInv}
 12360 | D:8      | Noticed a cyclops
 12369 | D:8      | Killed a cyclops
 12602 | D:8      | Reached *** piety under Sif Muna
 12602 | D:8      | Reached skill level 12 in Spellcasting
 13746 | D:9      | Noticed Grum
 14042 | D:9      | Reached XP level 11. HP: 66/66 MP: 16/29
 14923 | D:9      | Reached **** piety under Sif Muna
 15279 | D:9      | Noticed Psyche
 15282 | D:9      | Killed Psyche
 15436 | D:9      | Killed Grum
 15541 | D:9      | Identified a scroll of acquirement
 15662 | D:10     | Entered Level 10 of the Dungeon
 15863 | D:10     | Reached skill level 13 in Spellcasting
 16175 | D:10     | Found a staircase to the Lair.
 16832 | D:10     | Found a staircase to the Orcish Mines.
 17312 | Lair:1   | Entered Level 1 of the Lair of Beasts
 18116 | Lair:1   | Noticed an oklob plant
 18271 | Lair:1   | Killed an oklob plant
 18913 | Lair:2   | Reached skill level 1 in Charms
 19010 | Lair:2   | Reached XP level 12. HP: 25/73 MP: 11/31
 19260 | Lair:2   | Found a staircase to the Snake Pit.
 19418 | Lair:2   | Reached ***** piety under Sif Muna
 19696 | Lair:2   | Found a glowing silver altar of Zin.
 20587 | Lair:3   | Found a gate leading to a gauntlet.
 20595 | Gauntlet | Entered a Gauntlet
 20595 | Gauntlet | Found a transporter.
 20595 | Gauntlet | Found a transporter.
 20596 | Gauntlet | Found a transporter.
 20599 | Gauntlet | Found a transporter.
 20601 | Gauntlet | Found a large runed translucent door.
 20602 | Gauntlet | Found a large runed translucent door.
 20603 | Gauntlet | Found a large runed translucent door.
 20603 | Gauntlet | Found a large runed translucent door.
 20603 | Gauntlet | Found a runed translucent door.
 20603 | Gauntlet | Found a runed translucent door.
 20604 | Gauntlet | Found a large runed translucent door.
 20604 | Gauntlet | Found a large runed translucent door.
 20604 | Gauntlet | Found a large runed translucent door.
 20604 | Gauntlet | Found a large runed translucent door.
 20605 | Gauntlet | Found a large runed translucent door.
 20605 | Gauntlet | Found a large runed translucent door.
 20606 | Gauntlet | Found a large runed translucent door.
 20606 | Gauntlet | Found a large runed translucent door.
 20607 | Gauntlet | Found a runed translucent gate.
 20607 | Gauntlet | Found a runed translucent gate.
 20607 | Gauntlet | Found a runed translucent gate.
 20609 | Gauntlet | Found a transporter.
 20614 | Gauntlet | Found a transporter.
 20624 | Gauntlet | Found a transporter.
 20630 | Gauntlet | Found a transporter.
 20630 | Gauntlet | Noticed a death ooze
 20648 | Gauntlet | Found a transporter.
 20656 | Gauntlet | Found a transporter.
 20674 | Gauntlet | Found a transporter.
 20720 | Gauntlet | Found a large runed translucent door.
 20720 | Gauntlet | Found a large runed translucent door.
 20723 | Gauntlet | Found a large runed translucent door.
 20723 | Gauntlet | Found a large runed translucent door.
 20758 | Gauntlet | Found a transporter.
 20759 | Gauntlet | Noticed a queen ant
 20815 | Gauntlet | Received a gift from Sif Muna
 20822 | Gauntlet | Learned a level 4 spell: Summon Lightning Spire
 20829 | Gauntlet | Learned a level 6 spell: Deflect Missiles
 20848 | Gauntlet | Reached skill level 14 in Spellcasting
 20856 | Gauntlet | Killed a queen ant
 21551 | Gauntlet | Mangled by a death ooze

Levels and vault maps discovered:
D:1:      dpeg_arrival_windows_large_door, layout_loops_ring, minmay_box_of_dots
D:2:      layout_loops_ring, first_ration, kennysheep_generic_room_10
D:3:      layout_rooms
D:4:      layout_rooms, kennysheep_mini, kennysheep_small_circle
D:5:      layout_cave_pools, kennysheep_opposing_triangles, uniq_duvessa,
          uniq_sigmund, uniq_grinder, uniq_pikel
D:6:      cheibrodos_barr_body, layout_layer_cave,
          minmay_temple_entry_sparse_star, uniq_blork_the_orc
D:7:      layout_cave_pods, serial_undead, serial_undead_d, serial_undead_b,
          serial_undead_e, serial_undead_c, serial_undead_e, serial_undead_d
D:8:      minmay_tri_box, layout_basic, chequers_ossuary_entry_cave
D:9:      cheibrodos_grave_circle, layout_long_grid, uniq_psyche, uniq_grum
D:10:     layout_loops_ring, david_lair_generic, hiddenorc1_lemuel,
          grunt_livestock
Temple:   minmay_crystal_snake_temple
Lair:1:   layout_gridlike, minmay_lair_oklob_chamber
Lair:2:   layout_gridlike, minmay_snake_entry_six_corridors, basic_altar,
          serial_bayou_pond_c
Lair:3:   layout_regular_city, swamp_mist_pool, gauntlet_entry_generic,
          chequers_serial_rivers_marsh, infiniplex_staircase_pool
Ossuary:  ossuary_tomb_2
Gauntlet: gammafunk_gauntlet_shortcut [gammafunk_gauntlet_arena_hedges,
          minmay_gauntlet_arena_make_your_own_arena,
          gammafunk_gauntlet_arena_spirals, nicolae_gauntlet_arena_grate_2,
          nicolae_gauntlet_arena_t_cross, gammafunk_gauntlet_arena_corners,
          gauntlet_exit_spiral]

Skill      XL: |  1  2  3  4  5  6  7  8  9 10 11 12 |
---------------+-------------------------------------+-----
Spellcasting   | 4 5 6 7 8 10 11 12 13 14 | 14.0
Conjurations   | 2 3 4 5 7 9 |  9.9
Air Magic      | 4 6 7 8 9 |  9.0
Fighting       | 4 5 6 8 |  8.5
Dodging        | 4 5 8 |  8.0
Charms         | 1 4 |  4.8
Stealth        | |  2.4

Action                   |  1- 3 |  4- 6 |  7- 9 | 10-12 || total
-------------------------+-------+-------+-------+-------++-------
Melee: Dagger            |       |     2 |     4 |       ||     6
       Staff             |       |       |       |    27 ||    27
Throw: Stone             |     4 |       |       |       ||     4
 Cast: Shock             |    94 |   149 |   142 |   308 ||   693
       Static Discharge  |       |       |    59 |   149 ||   208
       Airstrike         |       |       |    45 |   141 ||   186
       Regeneration      |       |       |     4 |     4 ||     8
       Lightning Bolt    |       |       |       |    10 ||    10
       Swiftness         |       |       |       |     1 ||     1
       Deflect Missiles  |       |       |       |     2 ||     2
Invok: Divine Energy     |       |       |       |     2 ||     2
       Stop Divine Energ |       |       |       |     2 ||     2
 Abil: Evoke Blink       |       |       |       |     6 ||     6
Evoke: Wand              |       |       |     1 |       ||     1
       Lamp of fire      |       |       |       |     1 ||     1
  Use: Scroll            |       |     9 |     2 |    14 ||    25
       Potion            |       |     2 |     3 |     2 ||     7
  Eat: Chunk             |     3 |     8 |    11 |    19 ||    41
       Ration            |       |     1 |     1 |     5 ||     7
Armor: Robe              |    10 |     4 |    10 |     7 ||    31
       Troll leather arm |       |       |       |    78 ||    78
       Skin              |       |       |       |     4 ||     4
Dodge: Dodged            |    20 |    13 |    50 |   243 ||   326
       Deflected         |       |       |       |     3 ||     3

Table legend:
 A = Non-vault XP
 B = Vault XP
 C = Vault XP percentage of total XP
 D = Non-vault monster count
 E = Vault monster count
 F = Vault count percentage of total count
                 A         B        C        D         E       F
            +---------+---------+-------+---------+---------+-------
      Total |   11749 |   15362 |  56.7 |     248 |     138 |  35.8
            +---------+---------+-------+---------+---------+-------
        D:1 |      37 |       6 |  14.0 |      24 |       3 |  11.1
        D:2 |      57 |       2 |   3.4 |      22 |       1 |   4.3
        D:3 |     170 |       0 |   0.0 |      27 |       0 |   0.0
        D:4 |     502 |     685 |  57.7 |      22 |       2 |   8.3
        D:5 |     547 |     810 |  59.7 |      21 |       7 |  25.0
        D:6 |    1210 |     446 |  26.9 |      27 |      11 |  28.9
        D:7 |    1050 |     585 |  35.8 |      13 |      10 |  43.5
        D:8 |     639 |    1918 |  75.0 |      20 |       9 |  31.0
        D:9 |    1872 |    4181 |  69.1 |      34 |      17 |  33.3
       D:10 |    1216 |    1705 |  58.4 |      14 |      25 |  64.1
     Lair:1 |    2046 |     773 |  27.4 |      10 |       2 |  16.7
     Lair:2 |    2403 |    1694 |  41.3 |      14 |      12 |  46.2
    Ossuary |       0 |     204 | 100.0 |       0 |      32 | 100.0
   Gauntlet |       0 |    2353 | 100.0 |       0 |       7 | 100.0
            +---------+---------+-------+---------+---------+-------
